 Dungeon Crawl Stone Soup version 0.24.0-123-gd5b16e6ec5 (webtiles) character file.

Game seed: 17317508912861707680, levelgen mode: deterministic

26378 Elellon the Severer (level 13, -7/116 HPs)
             Began as a Hill Orc Fighter on Jan 2, 2020.
             Was a High Priest of Okawaru.
             Killed by divine providence
             ... invoked by a meliai
              (12 damage)
             ... on level 14 of the Dungeon.
             The game lasted 00:38:23 (11102 turns).

Elellon the Severer (Hill Orc Fighter)             Turns: 11102, Time: 00:38:23

Health: -7/116     AC: 18    Str: 27    XL:     13   Next: 25%
Magic:  2/4        EV: 15    Int:  8    God:    Okawaru [*****.]
Gold:   786        SH: 20    Dex: 13    Spells: 12/12 levels left

rFire    + . .     SeeInvis +   a - +10 war axe of Wuveism {antimagic, rN+ Dex+3 SInv}
rCold    . . .     Gourm    .   c - +0 shield
rNeg     + . .     Faith    .   T - +0 acid dragon scales
rPois    +         Spirit   .   M - +0 helmet
rElec    .         Reflect  +   K - scarf {cloud immunity}
rCorr    +         Harm     .   S - +2 pair of gloves "Faor" {*Drain rF+ rCorr Str+3}
MR       +....                  Q - +2 pair of boots of the Assassin {Detection Stab+ Stlth++}
Stlth    +++++.....             e - +5 amulet of reflection
HPRegen  0.29/turn              I - ring of poison resistance
MPRegen  0.09/turn              D - ring of protection from magic

@: heroism
A: no striking features
a: Heroism, Finesse, Renounce Religion


You were on level 14 of the Dungeon.
You worshipped Okawaru.
Okawaru was extremely pleased with you.
You were not hungry.

You visited 2 branches of the dungeon, and saw 16 of its levels.

You collected 786 gold pieces.

Inventory:

Hand Weapons
 a - the +10 war axe of Wuveism (weapon) {antimagic, rN+ Dex+3 SInv}
   (You found it on level 5 of the Dungeon)

   It reduces the magical energy of the wielder, and disrupts the spells and
   magical abilities of those hit.
   Natural abilities and divine invocations are not affected.
   It affects your dexterity (+3).
   It protects you from negative energy.
   It lets you see invisible.
 b - a +1 war axe of flaming
Missiles
 B - a curare-tipped dart (quivered)
Armour
 c - a +0 shield (worn)
 j - a +0 cloak
 w - a +2 pair of gloves
 E - a +0 large shield
 K - a scarf of cloud immunity (worn)
 M - a +0 helmet (worn)
 Q - the +2 pair of boots of the Assassin (worn) {Detection Stab+ Stlth++}
   (You found it on level 12 of the Dungeon)

   It makes you much more stealthy.
 S - the +2 pair of gloves "Faor" (worn) {*Drain rF+ rCorr Str+3}
   (Okawaru gifted it to you on level 13 of the Dungeon)

   It affects your strength (+3).
   It protects you from fire.
   It provides partial protection from all sources of acid and corrosion.
   It causes draining when unequipped.
 T - +0 acid dragon scales (worn)
Jewellery
 e - a +5 amulet of reflection (around neck)
 z - a +2 ring of evasion
 D - a ring of protection from magic (right hand)
 H - the amulet of the Lumpy Spirits {rElec Regen+ Int-2 Dex+4}
   (You found it on level 8 of the Dungeon)

   [amulet of regeneration]

   It affects your intelligence (-2).
   It affects your dexterity (+4).
   It insulates you from electricity.
   It increases your rate of regeneration.
 I - a ring of poison resistance (left hand)
 U - an uncursed ring of protection from cold {unknown}
Wands
 A - a wand of flame (24)
 C - a wand of paralysis (13)
 R - a wand of acid (4)
Scrolls
 g - 5 scrolls of remove curse
 h - 10 scrolls of teleportation {unknown}
 i - a scroll of fog {unknown}
 k - 2 scrolls of immolation {unknown}
 m - 8 scrolls of identify
 s - 4 scrolls of blinking {unknown}
 v - 3 scrolls of random uselessness {unknown}
 y - a scroll of magic mapping {unknown}
 F - 3 scrolls of enchant weapon {unknown}
 L - 2 scrolls of enchant armour {unknown}
 N - a scroll of vulnerability {unknown}
 O - a scroll of amnesia {unknown}
 P - a scroll of noise {unknown}
 X - a scroll of torment {unknown}
Potions
 d - 3 potions of might
 l - 2 potions of cancellation
 n - 4 potions of brilliance {unknown}
 o - 5 potions of curing
 p - a potion of heal wounds
 q - 6 potions of flight
 r - a potion of ambrosia {unknown}
 t - a potion of magic {unknown}
 u - 9 potions of degeneration
 x - a potion of agility {unknown}
 G - a potion of lignification {unknown}
 J - a potion of mutation {unknown}
 W - a potion of haste {unknown}
Comestibles
 f - 30 rations
 V - 23 chunks of flesh


   Skills:
 + Level 11.5(16.5) Fighting
 + Level 18.2(23.2) Axes
 + Level 0.2(5.2) Throwing
 + Level 9.0(14.0) Armour
 - Level 1.3(6.3) Dodging
 - Level 0.7(5.7) Stealth
 + Level 12.0(17.0) Shields
 + Level 1.8 Invocations


You had 12 spell levels left.
You didn't know any spells.
Your spell library contained the following spells:

 Spells                   Type           Power        Failure   Level  Hunger
 Apportation              Tloc           #.....       45%         1    ##.....
 Flame Tongue             Conj/Fire      #....        45%         1    ##.....
 Infusion                 Chrm           #...         45%         1    ##.....
 Magic Dart               Conj           #...         45%         1    ##.....
 Summon Butterflies       Summ           #.......     45%         1    ##.....
 Blink                    Tloc           N/A          58%         2    ###....
 Call Imp                 Summ           #.......     58%         2    ###....
 Shroud of Golubria       Chrm/Tloc      #.....       58%         2    ###....
 Slow                     Hex            #.......     58%         2    ###....
 Song of Slaying          Chrm           #.......     58%         2    ###....
 Throw Flame              Conj/Fire      #.....       58%         2    ###....
 Conjure Flame            Conj/Fire      #.......     83%         3    ####...
 Gell's Gravitas          Tloc           #.........   83%         3    ####...
 Inner Flame              Hex/Fire       #.......     83%         3    ####...
 Lesser Beckoning         Tloc           #.........   83%         3    ####...
 Mephitic Cloud           Conj/Pois/Air  #.......     83%         3    ####...
 Portal Projectile        Hex/Tloc       #.....       83%         3    ####...
 Regeneration             Chrm/Necr      #.........   83%         3    ####...
 Spectral Weapon          Hex/Chrm       #.......     83%         3    ####...
 Tukima's Dance           Hex            #.......     83%         3    ####...
 Force Lance              Conj/Tloc      #.......     99%         4    #####..
 Sticky Flame             Conj/Fire      #.......     99%         4    #####..
 Alistair's Intoxication  Tmut/Pois      #.......     100%        5    ######.
 Fireball                 Conj/Fire      #.........   100%        5    ######.
 Dispersal                Tloc           #.........   100%        6    #######
 Invisibility             Hex            #.......     100%        6    #######
 Controlled Blink         Tloc           N/A          100%        8    #######
 Disjunction              Tloc           #.........   100%        8    #######


Dungeon Overview and Level Annotations

Branches:
Dungeon (15/15)            Temple (1/1) D:5            Lair (0/6) D:9
    Orc (0/2) D:10         Vaults (0/5) D:13
 Depths: D:15

Altars:
Ashenzari
Cheibriados
Dithmenos
Elyvilon
Fedhas
Gozag
Hepliaklqana
Kikubaaqudgha
Makhleb
Nemelex Xobeh
Okawaru
Qazlal
Ru
Sif Muna
Trog
Uskayaw
Vehumet
Wu Jian
Xom
Yredelemnul
Zin
The Shining One

Annotations:
D:8 3 runed translucent doors, FishyPogo's ghost, novice GnTm
D:9 2 transporters, McKennaii's ghost, novice TrHu
D:13 2 runed translucent doors, Wemm's ghost, journeyman SpEn


Message History

You block the meliai's attack.
The meliai stings you but does no damage.
You barely miss the meliai.
The meliai is moderately wounded.
You slash the meliai! You completely miss the meliai.
The meliai completely misses you. The meliai stings you.
* * * LOW HITPOINT WARNING * * *
You block the meliai's attack. x4
You hit the meliai.
The meliai is heavily wounded.
You slash the meliai! You completely miss the meliai.
You block the meliai's attack. The meliai closely misses you.
The meliai hits you with a +0 hand axe!
* * * LOW HITPOINT WARNING * * *
You block the meliai's attack.
The meliai calls upon its god to heal the meliai.
The meliai is healed somewhat.
The meliai invokes the aid of its god against you.
Something smites you!
You die...

#...^.# #.....#
#.....# # #.....# ..
#.#.### ... #.#.#
########## ....
#.#.###..>.....##.....
#.#...........†y?.....
#..##'###...@##....
#.........#y.y..#
#.......##.###.#.#
#......##.⌠.# #.⌠
.......####.#.# #.#
####.#..# .#.#{# ##
#.#.#. # # 8y# #... #
## ###


You could see 3 meliai.

Vanquished Creatures
  A yaktaur captain (D:13)
  2 hydras (D:11)
  3 centaur warriors
  3 two-headed ogres
  A wizard (D:15)
  A deep elf mage (D:12)
  3 cyclopes
  An ugly thing (D:12)
  A black mamba (shapeshifter) (D:13)
  5 centaur skeletons
  2 komodo dragons
  A kobold demonologist (D:8)
  A yaktaur (D:13)
  3 meliai (D:14)
  A hornet (D:11)
  2 trolls
  2 hippogriffs
  21 yaks
  3 wyverns
  3 hungry ghosts
  2 hogs (D:7)
  A human (D:7)
  2 vampire mosquitoes (D:14)
  A basilisk (D:15)
  Menkaure (D:7)
  2 acid dragons
  A swamp drake (D:10)
  8 orc warriors
  6 sky beasts
  4 ice beasts
  A necrophage (D:9)
  3 black bears
  6 ogres
  5 phantoms
  4 centaurs (D:12)
  3 crocodiles
  17 big kobolds
  6 bullfrogs
  2 scorpions
  8 killer bees
  19 wights
  A vampire bat (D:3)
  2 howler monkeys
  3 crimson imps
  4 bullfrog zombies
  A centaur zombie (D:9)
  4 jellies
  7 orc priests
  12 orc wizards
  Crazy Yiuf (D:5)
  A bullfrog skeleton (D:4)
  3 hounds
  8 iguanas
  9 worker ants
  3 gnolls (D:6)
  9 adders
  4 shadow imps
  An ooze (D:2)
  An adder skeleton (D:4)
  3 worms
  2 dart slugs (D:1)
  5 leopard geckos
  50 orcs
  5 giant cockroaches
  7 goblins
  9 hobgoblins
  7 jackals
  24 kobolds
  6 quokkas
  2 ball pythons
  13 bats
  5 frilled lizards
  A jackal zombie (D:6)
  3 rats
378 creatures vanquished.

Vanquished Creatures (others)
  A yaktaur (D:13)
  3 centaurs
  A howler monkey (D:6)
  An orc wizard (D:13)
  An adder (D:6)
  A kobold (D:8)
  A quokka skeleton (D:6)
9 creatures vanquished.

Grand Total: 387 creatures vanquished

Notes
Turn   | Place    | Note
-------+----------+-------------------------------------------
     0 | D:1      | Elellon the Hill Orc Fighter began the quest for the Orb.
     0 | D:1      | Reached XP level 1. HP: 19/19 MP: 1/1
    90 | D:1      | Reached skill level 3 in Axes
   112 | D:1      | Reached XP level 2. HP: 23/26 MP: 2/2
   126 | D:1      | You fall into a shaft and drop 1 floor!
   226 | D:2      | Reached skill level 4 in Axes
   261 | D:2      | Noticed a sky beast
   292 | D:1      | Killed a sky beast
   292 | D:1      | Reached skill level 6 in Axes
   292 | D:1      | Reached XP level 3. HP: 4/31 MP: 3/3
   292 | D:1      | Reached XP level 4. HP: 5/39 MP: 4/4
   565 | D:1      | Reached XP level 5. HP: 45/45 MP: 5/5
   752 | D:1      | You fall into a shaft and drop 1 floor!
  1540 | D:3      | Found a faded altar of an unknown god.
  1566 | D:3      | Reached skill level 7 in Axes
  1836 | D:3      | Found a stormy altar of Qazlal.
  2145 | D:3      | Reached XP level 6. HP: 47/51 MP: 6/6
  2149 | D:3      | Reached skill level 1 in Dodging
  2266 | D:3      | Reached skill level 8 in Axes
  2749 | D:3      | Reached skill level 9 in Axes
  2749 | D:3      | Reached XP level 7. HP: 52/58 MP: 7/7
  3288 | D:4      | Found a sacrificial altar of Ru.
  3429 | D:5      | Entered Level 5 of the Dungeon
  3576 | D:5      | Reached skill level 10 in Axes
  3635 | D:5      | Reached XP level 8. HP: 52/66 MP: 8/8
  4038 | D:5      | Found a staircase to the Ecumenical Temple.
  4045 | Temple   | Entered the Ecumenical Temple
  4289 | Temple   | Became a worshipper of Warmaster Okawaru
  4602 | D:5      | Found a runed translucent door.
  4603 | D:5      | Noticed Crazy Yiuf
  4609 | D:5      | Killed Crazy Yiuf
  4649 | D:5      | Got a warped war axe
  4649 | D:5      | Identified the +10 war axe of Wuveism {antimagic, rN+ Dex+3
                  | SInv} (You found it on level 5 of the Dungeon)
  4697 | D:6      | Reached skill level 11 in Axes
  4813 | D:6      | Reached * piety under Okawaru
  4813 | D:6      | Reached skill level 5 in Shields
  4852 | D:6      | Reached skill level 12 in Axes
  4852 | D:6      | Reached XP level 9. HP: 73/73 MP: 3/9
  4894 | D:6      | Reached skill level 5 in Fighting
  5392 | D:7      | Reached skill level 13 in Axes
  5403 | D:7      | Noticed Menkaure
  5407 | D:7      | Reached skill level 5 in Armour
  5412 | D:7      | Killed Menkaure
  5412 | D:7      | Reached ** piety under Okawaru
  5678 | D:7      | Reached skill level 14 in Axes
  5803 | D:8      | Reached XP level 10. HP: 76/83 MP: 3/10
  5829 | D:8      | Found a runed translucent gate.
  5829 | D:8      | Found a runed translucent gate.
  5829 | D:8      | Found a runed translucent gate.
  5830 | D:8      | Noticed FishyPogo's ghost (novice GnTm)
  5878 | D:8      | Reached *** piety under Okawaru
  5883 | D:8      | Got a clouded copper amulet
  5957 | D:8      | Found an ancient bone altar of Kikubaaqudgha.
  6444 | D:8      | Noticed a kobold demonologist
  6446 | D:8      | Noticed an orange demon
  6452 | D:8      | Reached skill level 15 in Axes
  6465 | D:8      | Killed a kobold demonologist
  6465 | D:8      | Reached **** piety under Okawaru
  6649 | D:9      | Reached skill level 16 in Axes
  6747 | D:9      | Found a staircase to the Lair.
  6752 | D:9      | Received a gift from Okawaru
  6860 | D:9      | Identified the amulet of the Lumpy Spirits {rElec Regen+
                  | Int-2 Dex+4} (You found it on level 8 of the Dungeon)
  6926 | D:9      | Found a transporter.
  6926 | D:9      | Noticed McKennaii's ghost (novice TrHu)
  6931 | D:9      | Found a transporter.
  6954 | D:9      | Found a glowing golden altar of the Shining One.
  7035 | D:9      | Found a sacrificial altar of Ru.
  7049 | D:9      | Reached XP level 11. HP: 92/92 MP: 3/11
  7057 | D:9      | Reached ***** piety under Okawaru
  7083 | D:9      | Found a shadowy altar of Dithmenos.
  7260 | D:10     | Entered Level 10 of the Dungeon
  7705 | D:10     | Received a gift from Okawaru
  7773 | D:10     | Found a staircase to the Orcish Mines.
  7895 | D:11     | Noticed a cyclops
  7901 | D:11     | Killed a cyclops
  7990 | D:11     | Noticed a two-headed ogre
  8022 | D:11     | Killed a two-headed ogre
  8279 | D:11     | Noticed a seven-headed hydra
  8292 | D:11     | Killed a one-headed hydra
  8421 | D:11     | Noticed a six-headed hydra
  8438 | D:11     | Killed a two-headed hydra
  8636 | D:11     | Reached skill level 17 in Axes
  8716 | D:11     | Reached XP level 12. HP: 96/105 MP: 4/12
  8971 | D:12     | Reached skill level 1 in Invocations
  9449 | D:12     | Reached skill level 10 in Shields
  9582 | D:12     | Found the +2 pair of boots of the Assassin {Detection Stab+
                  | Stlth++}
  9706 | D:12     | Noticed a two-headed ogre
  9713 | D:12     | Killed a two-headed ogre
  9713 | D:12     | Reached skill level 10 in Fighting
 10254 | D:13     | Noticed Wemm's ghost (journeyman SpEn)
 10256 | D:13     | Noticed a lich
 10257 | D:13     | Noticed a centaur warrior
 10257 | D:13     | Noticed a tengu reaver
 10261 | D:13     | Noticed a two-headed ogre
 10270 | D:13     | Killed a two-headed ogre
 10413 | D:13     | Found a runed translucent door.
 10417 | D:13     | Found a runed translucent door.
 10536 | D:13     | Noticed a centaur warrior
 10545 | D:13     | Killed a centaur warrior
 10545 | D:13     | Received a gift from Okawaru
 10546 | D:13     | Got a pair of shimmering gloves {god gift}
 10557 | D:13     | Identified the +2 pair of gloves "Faor" {*Drain rF+ rCorr
                  | Str+3} (Okawaru gifted it to you on level 13 of the
                  | Dungeon)
 10614 | D:13     | Noticed a yaktaur captain
 10617 | D:13     | Noticed a centaur warrior
 10620 | D:13     | Found a gate to the Vaults.
 10627 | D:13     | Killed a yaktaur captain
 10628 | D:13     | Killed a centaur warrior
 10628 | D:13     | Reached XP level 13. HP: 74/116 MP: 4/13
 10685 | D:13     | Found a glowing golden altar of the Shining One.
 10838 | D:13     | You fall into a shaft and drop 2 floors!
 10838 | D:15     | Entered Level 15 of the Dungeon
 10896 | D:15     | Reached skill level 18 in Axes
 11102 | D:14     | HP: 5/116 [meliai/+0 hand axe (7)]
 11102 | D:14     | Killed from afar by a meliai

Levels and vault maps discovered:
D:1:      nagdon_arrival_double_spiral, layout_basic
D:2:      layout_rooms
D:3:      layout_basic, first_ration, chequers_ecumenical_altar_island,
          st_stairs_6, roderic_batcave, chequers_serial_rivers_micro_a,
          grunt_qazlal_sundering
D:4:      layout_rooms, nicolae_ru_awakened_eye
D:5:      minmay_thinvault, layout_rooms, minmay_temple_entry_glass,
          uniq_crazy_yiuf_cottage
D:6:      layout_cave_pools, minmay_hedge_maze, lemuel_flamethrower_2
D:7:      black_bear_nest_2, layout_rooms, grunt_livestock, uniq_menkaure
D:8:      layout_loops_ring, basic_altar, gammafunk_ghost_split, special_room
          [special_room_kobold]
D:9:      layout_basic, lair_entry_dummy, gammafunk_ghost_mausoleum,
          hangedman_feature_mirror, lemuel_tele_altar
D:10:     layout_loops_cross, erik_orc_1, evilmike_minifort
D:11:     layout_roguey, skrybe_limestone_x
D:12:     layout_stronghold, serial_column_ruins, column_ruins_square_large,
          column_ruins_open_medium, column_ruins_grid_3,
          column_ruins_open_small, column_ruins_open_medium
D:13:     layout_loops_ring, david_vaults_2, muffindrake_ghost_dual_entry,
          tso_altar
D:14:     layout_basic, grunt_decor_mini_mirrors, uniq_agnes, uniq_kirke,
          uniq_roxanne
D:15:     hangedman_depths_entry_civil_slaughter, layout_basic,
          roderic_lattice_a, minivault_26
Temple:   nicolae_temple_the_god_donut

Skill      XL: |  1  2  3  4  5  6  7  8  9 10 11 12 13 |
---------------+----------------------------------------+-----
Axes           | 3 6 7 9 10 12 14 16 17 18 | 18.2
Dodging        | 1 |  1.3
Fighting       | 4 5 7 9 11 | 11.5
Shields        | 4 5 6 7 9 11 12 | 12.0
Armour         | 4 5 6 7 8 9 |  9.0
Invocations    | 1 |  1.8
Throwing       | |  0.2
Stealth        | |  0.7

Action                   |  1- 3 |  4- 6 |  7- 9 | 10-12 | 13-15 || total
-------------------------+-------+-------+-------+-------+-------++-------
Melee: War axe           |    49 |   127 |   253 |   539 |    58 ||  1026
Throw: Dart              |       |       |       |     2 |       ||     2
Invok: Heroism           |       |       |       |     4 |     2 ||     6
  Use: Scroll            |       |       |     5 |     3 |       ||     8
       Potion            |       |       |       |       |     1 ||     1
 Stab: Sleeping          |       |       |       |     4 |     2 ||     6
       Distracted        |       |       |       |     1 |     1 ||     2
  Eat: Chunk             |       |     5 |     9 |     9 |     2 ||    25
       Ration            |       |       |     1 |     3 |       ||     4
Armor: Scale mail        |    21 |    65 |     5 |       |       ||    91
       Chain mail        |       |       |    64 |       |       ||    64
       Plate armour      |       |       |    13 |   130 |       ||   143
       Acid dragon scale |       |       |       |     6 |    17 ||    23
Dodge: Dodged            |    12 |    46 |    37 |    69 |    21 ||   185
Block: Shield            |    18 |    53 |   155 |   338 |    53 ||   617
       Reflection        |       |       |     6 |    30 |       ||    36
